 Dungeon Crawl Stone Soup version 0.13-a0-2907-g70ca29e (webtiles) character file.

144 PolkaDot the Sneak (level 3, -1/22 HPs)
             Began as a Vampire Wizard on Aug 31, 2013.
             Slain by an adder (4 damage)
             ... on Level 2 of the Dungeon.
             The game lasted 00:07:17 (1072 turns).

PolkaDot the Sneak (Vampire Wizard)                 Turns: 1072, Time: 00:07:18

HP  -1/22        AC  2     Str  6      XL: 3   Next: 73%
MP   1/10        EV 12     Int 24      God:
Gold 87          SH  0     Dex 12      Spells:  2 memorised,  4 levels left

Res.Fire  : . . .   See Invis. : +   (no weapon)
Res.Cold  : . . .   Warding    : .   a - +0 robe
Life Prot.: . . .   Conserve   : .   (no shield)
Res.Poison: .       Res.Corr.  : .   b - +0 wizard hat
Res.Elec. : .       Clarity    : .   (no cloak)
Sust.Abil.: . .     Spirit.Shd : .   (no gloves)
Res.Mut.  : .       Stasis     : .   (no boots)
Res.Rott. : .       Flight     : .   (no amulet)
Saprovore : . . .                    (no ring)
                                     h - +3 ring of intelligence

@: regenerating quickly, mildly poisoned, slightly resistant to hostile
enchantments, stealthy
A: fangs 3, see invisible, unbreathing
a: no special abilities


You were on level 2 of the Dungeon.
You were very full.

You visited 1 branch of the dungeon, and saw 2 of its levels.

You collected 67 gold pieces.

Inventory:

Armour
 a - a +0 robe (worn)
 b - a +0 wizard hat (worn)
Scrolls
 g - 3 scrolls of recharging {unknown}
 i - 2 scrolls of amnesia {unknown}
 j - a scroll of curse jewellery {unknown}
 k - 5 scrolls of identify {unknown}
 l - 2 scrolls of remove curse {unknown}
 n - a scroll of magic mapping {unknown}
Jewellery
 h - a +3 ring of intelligence (left hand)
Potions
 d - a potion of blood
 e - 3 potions of curing {unknown}
 f - a potion of might {unknown}
 m - a potion of speed {unknown}
Books
 c - a book of Minor Magic

   Spells                             Type                      Level
   *Magic Dart                        Conjuration                  1
   Blink                              Translocation                2
   Call Imp                           Summoning                    2
   Repel Missiles                     Charms/Air                   2
   Slow                               Hexes                        2
   *Conjure Flame                     Conjuration/Fire             3
   Mephitic Cloud                     Conjuration/Poison/Air       3
 o - a book of Necromancy

   Spells                             Type                      Level
   Pain                               Necromancy                   1
   Animate Skeleton                   Necromancy                   1
   Lethal Infusion                    Charms/Necromancy            2
   Vampiric Draining                  Necromancy                   3
   Regeneration                       Charms/Necromancy            3
   Animate Dead                       Necromancy                   4
   Control Undead                     Necromancy                   4


   Skills:
 - Level 2.1 Dodging
 - Level 3.0 Stealth
 - Level 3.0 Spellcasting
 + Level 2.7 Conjurations
   Level 1.0 Summonings
   Level 0.7 Translocations


You had 4 spell levels left.
You knew the following spells:

 Your Spells              Type           Power        Failure   Level  Hunger
a - Magic Dart            Conj           ###.         3%          1    None
s - Conjure Flame         Conj/Fire      ##......     21%         3    ###....


Dungeon Overview and Level Annotations

Branches:
Dungeon (2/27)

Altars:


Innate Abilities, Weirdness & Mutations

Your natural rate of healing is unusually fast.
You have razor-sharp teeth.*
You have supernaturally acute eyesight.
You can survive without breathing.*


Message History

The adder poisons you! The adder bites you.
You barely miss the adder.
The adder is severely wounded.
The adder barely misses you. A large net falls onto you!
You become entangled in the net!
The adder barely misses you.
You see here a throwing net.
You struggle against the net.
The adder bites you.
* * * LOW HITPOINT WARNING * * *
The adder bites you.
* * * LOW HITPOINT WARNING * * *
You try to slip out of the net.
The adder barely misses you.
You try to slip out of the net.
* * * LOW HITPOINT WARNING * * *
You feel sick. The adder bites you.
* * * LOW HITPOINT WARNING * * *
You slip out of the net!
* * * LOW HITPOINT WARNING * * *
You feel sick. The adder bites you.
You die...

#....##.## #.≈≈.#
#..#.#.## #.≈≈.#
#...###.## #.≈≈.#
#....###.# #.≈≈.#
#....# #.# #.≈≈.#
#....###.###.≈≈.#
#....##.#.##.≈≈.#
##.#^##.###.#.≈≈.#
.......####.#.≈≈@##+#
##.#.#####.##.≈≈.S..#
#....#.#.###.≈≈.#..#
#....#%#.# #.≈≈.#..#
#....##.## #.≈≈.#S.#
#....#.#####.≈≈.#..#
#...##.###8#.≈≈.#..#
#..#.##.##.#.≈≈.#..#
#....###^.###≈≈##..#


You could see an adder.

Vanquished Creatures
  3 adders (D:2)
  3 oozes
  7 bats
  2 goblins (D:1)
  4 hobgoblins (D:1)
  2 kobolds
  A giant gecko (D:1)
  A giant newt (D:1)
  5 rats
28 creatures vanquished.

Notes
Turn   | Place    | Note
--------------------------------------------------------------
     0 | D:1      | PolkaDot, the Vampire Wizard, began the quest for the Orb.
     0 | D:1      | Reached XP level 1. HP: 11/11 MP: 6/6
   160 | D:1      | Reached skill level 1 in Conjurations
   293 | D:1      | Reached XP level 2. HP: 10/17 MP: 2/8
   790 | D:2      | Reached XP level 3. HP: 22/22 MP: 6/10
   903 | D:2      | Learned a level 3 spell: Conjure Flame
  1072 | D:2      | Slain by an adder

Action                   || total
-------------------------++-------
Melee: Unarmed           ||    18
 Cast: Magic Dart        ||    81
       Conjure Flame     ||     1
